 Dungeon Crawl Stone Soup version 0.29-a0-648-g6b26cc9f40 (webtiles) character file.

Game seed: 3303451426789736621

61 zeratav the Sneak (level 3, -3/17 HPs)
             Began as a Spriggan Arcane Marksman on June 20, 2022.
             Slain by a gnoll
             ... wielding a +0 spear
              (10 damage)
             ... on level 2 of the Dungeon.
             The game lasted 00:02:08 (1098 turns).

zeratav the Sneak (Spriggan Arcane Marksman)        Turns: 1098, Time: 00:02:09

Health: -3/17      AC:  2    Str:  6    XL:     3   Next: 83%
Magic:  6/6        EV: 17    Int: 20    God:
Gold:   48         SH:  0    Dex: 17    Spells: 3/4 levels left

rFire   . . .      SeeInvis +   a - +0 shortbow {bow}
rCold   . . .      Faith    .   (shield currently unavailable)
rNeg    . . .      Spirit   .   b - +0 robe
rPois   .          Reflect  .   (helmet restricted)
rElec   .          Harm     .   (no cloak)
rCorr   .          Rampage  .   (gloves unavailable)
Will    .....                   (boots unavailable)
Stlth   +++.......              (no amulet)
HPRegen 0.05/turn               f - +6 ring of intelligence
MPRegen 0.10/turn               (no ring)

@: very quick
A: very small, no large weapons, unfitting armour, see invisible, speed 3
a: no special abilities


You were on level 2 of the Dungeon.
You visited 1 branch of the dungeon, and saw 2 of its levels.

You collected 48 gold pieces.


Innate Abilities, Weirdness & Mutations

You are very small and have problems with some larger weapons.
You are too small for most types of armour.
You have supernaturally acute eyesight. (SInv)
You cover ground extremely quickly. (Speed+++)


   Skills:
 - Level 0.7 Fighting
 + Level 3.2 Bows
 - Level 2.6 Dodging
 - Level 5.0 Stealth
 - Level 1.3 Spellcasting
 - Level 3.6 Hexes


You had 3 spell levels left.
You knew the following spells:

 Your Spells              Type           Power      Damage    Failure   Level
a - Slow                  Hex            60%        N/A       3%          1

Your spell library contained the following spells:

 Spells                   Type           Power      Damage    Failure   Level
 Foxfire                  Conj/Fire      4%         2x1d4     17%         1
 Summon Small Mammal      Summ           4%         N/A       17%         1
 Inner Flame              Hex/Fire       8%         N/A       24%         3
 Portal Projectile        Hex/Tloc       16%        N/A       24%         3
 Summon Guardian Golem    Hex/Summ       8%         N/A       24%         3
 Call Canine Familiar     Summ           1%         N/A       45%         3
 Conjure Flame            Conj/Fire      1%         6-21      45%         3
 Cause Fear               Hex            7%         N/A       36%         4
 Flame Wave               Conj/Fire      1%         2d4       86%         4

Inventory:

Hand Weapons
 a - a +0 shortbow (weapon) {bow}
 e - a +2 hunting sling of freezing {sling}
   (You found it on level 1 of the Dungeon)
Armour
 b - a +0 robe (worn)
Jewellery
 f - a +6 ring of intelligence (left hand)
   (You found it on level 1 of the Dungeon)
Scrolls
 c - a scroll of vulnerability {!r!r}
 d - a scroll of teleportation {unknown}
 h - a scroll of identify {unknown}
Potions
 g - a potion of heal wounds {unknown}

Dungeon Overview and Level Annotations

Branches:
Dungeon (2/15) Zot: 11145

Altars:

...............
#.............
###.............
#.###......).......
#...... #g)..<.....
#......###.....##...
#....##...g.........
#........).....##..
........@..........
###...........#...
##..........# ..
#.............
###).........#.##
#...<........#(..
#....##.######### #.
...... ... ###..
....#


You could see a gnoll and a hobgoblin.


Message History

Done exploring.
(D) Dungeon
Where to? (? - help)
You open the door.
There is an open door here.
There is a stone staircase leading down here.
You climb downwards.
There is a stone staircase leading up here.
A hobgoblin is nearby!
(D) Dungeon
Where to? (Enter - D:2, ? - help)
A hobgoblin is nearby!
You climb upwards.
There is a stone staircase leading down here.
There is an open door here.
You see here a +0 leather armour.
(D) Dungeon
Where to? (Enter - D:1 @ (x,y), ? - help)
There is a stone staircase leading down here.
You climb downwards.
The kobold shouts!
There is a stone staircase leading up here.
There are monsters nearby!
You climb upwards.
There is a stone staircase leading down here.
You see here 7 stones {throwing}.
(D) Dungeon
Where to? (Enter - D:1 @ (x,y), ? - help)
There is an open door here.
There is a stone staircase leading down here.
You climb downwards.
A ball python comes into view.
The kobold misses you. x2
There is a stone staircase leading up here.
There are monsters nearby!
You shoot an arrow. The arrow hits the kobold.
You kill the kobold!
You shoot an arrow. The arrow hits the ball python!
You kill the ball python!
You shoot an arrow. The arrow hits the endoplasm!
You kill the endoplasm!
Training target 5.0 for Stealth reached!
Your Stealth skill increases to level 5!
You need to enable at least one skill for training.
Things that are here:
a +0 dagger {short}; 5 stones {throwing}; a kobold corpse
Found a stone staircase leading up.
You now have 48 gold pieces (gained 12).
A gnoll comes into view. It is wielding a +0 club.
You shoot an arrow. The arrow hits the gnoll!
The gnoll shouts!
A goblin comes into view. It is wielding a +0 club.
You shoot an arrow. The arrow barely misses the gnoll.
The arrow closely misses the goblin.
The goblin shouts!
You hear a shout!
A gnoll comes into view. It is wielding a +0 club.
You shoot an arrow. The arrow barely misses the gnoll.
The arrow barely misses the goblin.
You shoot an arrow. The arrow hits the gnoll.
A gnoll comes into view. It is wielding a +0 spear.
You shoot an arrow. The gnoll shouts!
The arrow hits the gnoll.
You kill the gnoll!
You shoot an arrow. The arrow closely misses the goblin.
The goblin closely misses you.
You shoot an arrow. The arrow hits the gnoll.
The gnoll completely misses you. The goblin barely misses you.
You shoot an arrow. The arrow hits the gnoll.
The goblin completely misses you.
You shoot an arrow. The arrow barely misses the gnoll.
The hobgoblin shouts!
The gnoll barely misses you. The goblin barely misses you.
The gnoll misses you. The goblin hits you with a +0 club. The gnoll misses you.
The gnoll barely misses you.
HP[-3]
You take 3 damage, and now have 14/17 hp.
You shoot an arrow. The arrow hits the gnoll!
You kill the gnoll!
The gnoll hits you from afar with a +0 spear!
* * * LOW HITPOINT WARNING * * *
The goblin misses you.
Your Bows skill increases to level 3!
HP[-7]
You take 7 damage, and now have 7/17 hp.
MASSIVE DAMAGE!! (PAUSE)
You are too injured to fight recklessly!
You are too injured to fight recklessly!
You are too injured to fight recklessly!
Shoot: a) +0 shortbow {bow}
Press: ? - help, Shift-Dir - straight line, f - goblin
Aim: a goblin, wielding a +0 club (53% to hit)
You shoot an arrow. The arrow hits the goblin.
Shoot: a) +0 shortbow {bow}
Press: ? - help, Shift-Dir - straight line, f/p - goblin
Aim: a goblin, wielding a +0 club (severely wounded, 53% to hit)
You shoot an arrow. The arrow hits the goblin.
You kill the goblin!
The gnoll hits you from afar with a +0 spear!
Ouch! That really hurt!
You die...

Skill      XL: |  1  2  3 |
---------------+----------+-----
Stealth        | 2 4 5 |  5.0
Bows           | 3 |  3.2
Fighting       | |  0.7
Dodging        | |  2.6
Spellcasting   | |  1.3
Hexes          | |  3.6

Action                   || total
-------------------------++-------
 Fire: Shortbow          ||   108
 Cast: Slow              ||     5
Armor: Robe              ||     1
Dodge: Dodged            ||    52

Levels and vault maps discovered:
D:1:      minmay_arrival_arboretum_small, layout_basic
D:2:      layout_rooms, uniq_robin

Notes
Turn   | Place    | Note
-------+----------+-------------------------------------------
     0 | D:1      | zeratav the Spriggan Arcane Marksman began the quest for
                  | the Orb.
     0 | D:1      | Reached XP level 1. HP: 9/9 MP: 3/3
     0 | D:1      | magus.rc [v1.9.6]
     7 | D:1      | Reached skill level 1 in Stealth
    99 | D:1      | Reached skill level 2 in Stealth
   204 | D:1      | Reached XP level 2. HP: 14/14 MP: 5/5
   208 | D:1      | Reached skill level 3 in Stealth
   211 | D:1      | You pick up a book of Callings and begin reading...
   211 | D:1      | You add the spells Summon Small Mammal, Call Canine
                  | Familiar and Summon Guardian Golem to your library.
   546 | D:1      | Reached skill level 4 in Stealth
   604 | D:1      | You pick up a book of Flames and begin reading...
   604 | D:1      | You add the spells Foxfire, Conjure Flame and Flame Wave to
                  | your library.
   611 | D:1      | Reached XP level 3. HP: 17/17 MP: 6/6
  1071 | D:2      | Reached skill level 5 in Stealth
  1093 | D:2      | Reached skill level 3 in Bows
  1098 | D:2      | Slain by a gnoll

Vanquished Creatures
  2 gnolls (D:2)
  2 dart slugs (D:1)
  3 endoplasms
  2 giant cockroaches (D:1)
  4 goblins
  3 hobgoblins (D:1)
  2 jackals (D:1)
  2 quokkas (D:1)
  7 ball pythons
  2 bats (D:1)
  A frilled lizard (D:1)
  3 kobolds
  3 rats (D:1)
36 creatures vanquished.

Table legend:
 A = Non-vault XP
 B = Vault XP
 C = Vault XP percentage of total XP
 D = Non-vault monster count
 E = Vault monster count
 F = Vault count percentage of total count
                 A         B        C        D         E       F
            +---------+---------+-------+---------+---------+-------
      Total |      90 |       0 |   0.0 |      36 |       0 |   0.0
            +---------+---------+-------+---------+---------+-------
        D:1 |      54 |       0 |   0.0 |      30 |       0 |   0.0
        D:2 |      36 |       0 |   0.0 |       6 |       0 |   0.0
            +---------+---------+-------+---------+---------+-------

Illustrated notes

Table legend:
 A = Kills in this place as a percentage of kills in entire the game.
 B = Kills by you in this place as a percentage of kills by you in the entire game.
 C = Kills by friends in this place as a percentage of kills by friends in the entire game.
 D = Other kills in this place as a percentage of other kills in the entire game.
 E = Experience gained in this place as a percentage of experience gained in the entire game.
 F = Experience gained in this place divided by the number of levels of this place that you have seen.
                   A       B       C       D       E      F
               +-------+-------+-------+-------+-------+----------------------
         Total | 100.0 | 100.0 |   N/A |   N/A | 100.0 |  45.0
       Dungeon | 100.0 | 100.0 |   N/A |   N/A | 100.0 |  45.0
               +-------+-------+-------+-------+-------+----------------------

Table legend: (Time is in decaauts)
 A = Elapsed time spent in this place.
 B = Non-inter-level travel time spent in this place.
 C = Inter-level travel time spent in this place.
 D = Time resting spent in this place.
 E = Time spent auto-exploring this place.
 F = Levels seen in this place.
 G = Mean time per level.
                   A        B        C        D        E       F      G
               +--------+--------+--------+--------+--------+-----+--------+
         Total |    853 |    744 |    109 |      0 |    550 |   2 |  426.5 |
       Dungeon |    853 |    744 |    109 |      0 |    550 |   2 |  426.5 |
               +--------+--------+--------+--------+--------+-----+--------+

Top non-repeatable levels by time:
     D:1: 819 daAuts
     D:2: 33 daAuts
